 Dungeon Crawl Stone Soup version 0.24-a0-497-g5a03d68 (webtiles) character file.

Game seed: 12953778269692278598

49 Espgualade the Chiller (level 3, 0/19 HPs)
             Began as a Tengu Ice Elementalist on July 13, 2019.
             Slain by a gnoll
             ... wielding a +0 spear
              (10 damage)
             ... on level 3 of the Dungeon.
             The game lasted 00:02:59 (1246 turns).

Espgualade the Chiller (Tengu Ice Elementalist)     Turns: 1246, Time: 00:03:00

Health: 0/19       AC:  2    Str:  8    XL:     3   Next: 75%
Magic:  5/7        EV: 12    Int: 16    God:
Gold:   136        SH:  0    Dex: 14    Spells: 0/6 levels left

rFire    . . .     SeeInvis .   (no weapon)
rCold    + . .     Gourm    .   (no shield)
rNeg     . . .     Faith    .   a - +0 robe
rPois    .         Spirit   .   (helmet restricted)
rElec    .         Reflect  .   (no cloak)
rCorr    .         Harm     .   (no gloves)
MR       .....                  (boots unavailable)
Stlth    ++........             (no amulet)
HPRegen  0.06/turn              e - ring of wizardry
MPRegen  0.10/turn              i - ring of protection from cold

@: no status effects
A: beak, talons 3
a: no special abilities


You were on level 3 of the Dungeon.
You were hungry.

You visited 1 branch of the dungeon, and saw 3 of its levels.

You collected 136 gold pieces.

Inventory:

Armour
 a - a +0 robe (worn)
Jewellery
 e - a ring of wizardry (left hand)
 i - a ring of protection from cold (right hand)
Scrolls
 b - a scroll of blinking
 d - 2 scrolls of identify
 f - 2 scrolls of teleportation
 g - a scroll of enchant armour {unknown}
 h - 3 scrolls of remove curse
Comestibles
 c - 10 rations


   Skills:
 - Level 2.1 Dodging
 - Level 2.0 Stealth
 - Level 2.0 Spellcasting
 - Level 1.3 Conjurations
 + Level 4.2 Ice Magic


You couldn't memorise any spells.
You knew the following spells:

 Your Spells              Type           Power        Failure   Level  Hunger
a - Freeze                Ice            ###.         1%          1    #......
b - Throw Frost           Conj/Ice       ##....       4%          2    ###....
c - Ozocubu's Armour      Chrm/Ice       #.......     11%         3    ###....

Your spell library contained the following spells:

 Spells                   Type           Power        Failure   Level  Hunger
 Throw Icicle             Conj/Ice       ##......     26%         4    #####..
 Summon Ice Beast         Ice/Summ       #.......     32%         4    #####..


Dungeon Overview and Level Annotations

Branches:
Dungeon (3/15)

Altars:

Annotations:
D:2 Sigmund


Innate Abilities, Weirdness & Mutations

You have a beak for a mouth.
You have claws for feet.


Message History

Confirm with . or Enter, or press ? or * to list all spells.
Aiming: Freeze (safe; 1% risk of failure)
Press: ? - help, Shift-Dir - straight line, f - leopard gecko
Aim: a leopard gecko You freeze the leopard gecko.
The leopard gecko is severely wounded.
The gnoll shouts! x2; You hear a shout!
The leopard gecko barely misses you.
Casting: Freeze (safe; 1% risk of failure)
Confirm with . or Enter, or press ? or * to list all spells.
Aiming: Freeze (safe; 1% risk of failure)
Press: ? - help, Shift-Dir - straight line, f/p - leopard gecko
Aim: a leopard gecko (severely wounded)
You freeze the leopard gecko.
You kill the leopard gecko!
The gnoll hits you from afar with a +0 spear!
A gnoll comes into view. It is wielding a +0 whip.
The gnoll hits you from afar with a +0 spear!
Ouch! That really hurt!
You die...

....... ....... >gg>...
...#g..#### #.......# ####
#....†..# ... #...g...# #.
#.......## # ######@#.# #
#.#.#### #### ###########
#.#.##.# ###... #<........#
#....#.# #...## #.........#
###..#.######.....
#.........####.....#......####
#.............................
#.........####.##....##.######
#.........##............###


You could see 3 gnolls.

Vanquished Creatures
  2 adders (D:2)
  An ooze (D:1)
  A worm (D:3)
  3 leopard geckos
  A giant cockroach (D:1)
  A goblin (D:2)
  A hobgoblin (D:1)
  A quokka (D:3)
  A ball python (D:2)
  4 bats (D:1)
  2 frilled lizards
  2 kobolds (D:2)
  5 rats
25 creatures vanquished.

Notes
Turn   | Place    | Note
-------+----------+-------------------------------------------
     0 | D:1      | Espgualade the Tengu Ice Elementalist began the quest for
                  | the Orb.
     0 | D:1      | Reached XP level 1. HP: 10/10 MP: 4/4
    20 | D:1      | Reached skill level 3 in Ice Magic
   232 | D:1      | Reached XP level 2. HP: 13/15 MP: 3/6
   677 | D:1      | Learned a level 2 spell: Throw Frost
   686 | D:2      | Noticed Sigmund
   695 | D:2      | Reached XP level 3. HP: 17/19 MP: 1/7
   799 | D:2      | Reached skill level 4 in Ice Magic
  1098 | D:3      | Learned a level 3 spell: Ozocubu's Armour
  1246 | D:3      | Slain by a gnoll

Levels and vault maps discovered:
D:1:      dpeg_arrival_tiny_i, layout_rooms
D:2:      layout_rooms, uniq_sigmund
D:3:      layout_rooms, lemuel_round_altar, lemuel_round_altar

Skill      XL: |  1  2  3 |
---------------+----------+-----
Ice Magic      | 3 4 |  4.2
Dodging        | |  2.1
Stealth        | |  2.0
Spellcasting   | |  2.0
Conjurations   | |  1.3

Action                   || total
-------------------------++-------
Melee: Unarmed           ||    13
       Peck              ||     2
       Kick              ||     2
 Cast: Freeze            ||    37
       Throw Frost       ||     2
  Use: Scroll            ||     4
 Stab: Sleeping          ||     1
  Eat: Chunk             ||     1
Armor: Robe              ||     3
Dodge: Dodged            ||    39

Table legend:
 A = Non-vault XP
 B = Vault XP
 C = Vault XP percentage of total XP
 D = Non-vault monster count
 E = Vault monster count
 F = Vault count percentage of total count
                 A         B        C        D         E       F
            +---------+---------+-------+---------+---------+-------
      Total |      70 |       0 |   0.0 |      25 |       0 |   0.0
            +---------+---------+-------+---------+---------+-------
        D:1 |      25 |       0 |   0.0 |      12 |       0 |   0.0
        D:2 |      34 |       0 |   0.0 |       9 |       0 |   0.0
        D:3 |      11 |       0 |   0.0 |       4 |       0 |   0.0
            +---------+---------+-------+---------+---------+-------
